 Dungeon Crawl Stone Soup version 0.31-a0-246-g8cbcc1cb85 (webtiles) character file.

Game seed: 15519399177938755799

338 qw the Shooter (level 6, -2/37 HPs)
             Began as a Gargoyle Hexslinger on July 12, 2023.
             Slain by Sigmund
             ... wielding a +0 scythe
              (8 damage)
             ... on level 4 of the Dungeon.
             The game lasted 00:01:16 (2657 turns).

qw the Shooter (Gargoyle Hexslinger)                Turns: 2657, Time: 00:01:16

Health: -2/37      AC: 10    Str: 11    XL:     6   Next: 55%
Magic:  7/7        EV: 10    Int: 14    God:
Gold:   239        SH:  0    Dex: 14    Spells: 6/7 levels left

rFire   . . .        b - +1 sling (heavy)
rCold   . . .        (no shield)
rNeg    + . .        g - +0 ring mail
rPois   inf          (no helmet)
rElec   +            i - +0 cloak
rCorr   .            (no gloves)
SInv    .            (no boots)
Will    .....        (no amulet)
Stlth   +            (no ring)
HPRegen 0.26/turn    (no ring)
MPRegen 0.10/turn

%: no passive effects
@: no status effects
A: sickness immunity, AC +4, negative energy resistance 1, electricity
resistance, torment resistance 1, petrification resistance
a: no special abilities


You were on level 4 of the Dungeon.
You visited 1 branch of the dungeon, and saw 4 of its levels.

You collected 239 gold pieces.


Innate Abilities, Weirdness & Mutations

You are immune to sickness and miasma.
Your stone body is resilient. (AC +4)
You are immune to poison.
You resist negative energy. (rN+)
You are resistant to electric shocks. (rElec)
You are resistant to unholy torment.
You are immune to petrification.


   Skills:
 - Level 3.3 Fighting
 + Level 5.7 Ranged Weapons
 - Level 1.4 Armour
 - Level 1.5 Dodging
 - Level 1.0 Spellcasting
 - Level 2.6 Hexes


You had 6 spell levels left.
You knew the following spells:

 Your Spells              Type           Power      Damage    Failure   Level
a - Slow                  Hex            32%        N/A       21%         1

Your spell library contained the following spells:

 Spells                   Type           Power      Damage    Failure   Level
 Inner Flame              Hex/Fire       4%         N/A       71%         3
 Portal Projectile        Hex/Tloc       8%         N/A       71%         3
 Cause Fear               Hex            4%         N/A       90%         4

Inventory:

Hand Weapons
 b - a +1 heavy sling (weapon)
Armour
 g - a +0 ring mail (worn)
 i - a +0 cloak (worn)
Scrolls
 a - 2 scrolls of teleportation
Potions
 c - a potion of invisibility {unknown}
 d - a potion of curing {unknown}
 h - a potion of mutation {unknown}

Dungeon Overview and Level Annotations

Branches:
Dungeon (4/15)
 Temple: D:4-7

Altars:
Hepliaklqana

Shops:
D:2 (

Annotations:
D:4 Sigmund


Message History

You shoot a sling bullet.
The sling bullet closely misses the orc.
The orc hits you but does no damage. The orc hits you with a +0 club.
Sigmund hits you from afar with a +0 scythe.
You shoot a sling bullet. The sling bullet hits the orc.
You kill the orc!
Sigmund casts a spell at you. The puff of flame hits you.
You shoot a sling bullet. The sling bullet hits Sigmund.
Sigmund is moderately wounded.
Sigmund casts a spell.
Sigmund flickers and vanishes!
Deactivating autopickup; reactivate with Ctrl-A.
Something hits you but does no damage.
You shoot a sling bullet. Something hits you but does no damage.
You shoot a sling bullet.
You hear some strange, mumbled words.
A puff of flame appears from out of thin air!
The puff of flame hits you but does no damage.
You shoot a sling bullet. Something hits you.
Something hits you but does no damage.
You shoot a sling bullet. Something hits you.
You shoot a sling bullet. Something hits you.
You shoot a sling bullet.
You hear some strange, mumbled words.
You are confused.
Something hits you but does no damage.
You shoot a sling bullet. Something hits you but does no damage.
You shoot a sling bullet. Something hits you.
You shoot a sling bullet. Something hits you.
You shoot a sling bullet.
You feel less confused. Something hits you!
You die...

######## .......#
#......#
.......####......####
#......#............#
#......#...%....@...#
#......#...#####.)...#
#......+...# #.{...#
#......#...# ###...#
#...%.>.#+### ...+
#.#+#+#.....# ...# #
#.........# ..# #
####%.....# ..# #
+....###


There were no monsters in sight!

Vanquished Creatures
  An ogre (D:4)
  3 orc wizards (D:3)
  5 gnolls
  3 adders
  An ufetubus (D:3)
  3 worms
  2 dart slugs (D:3)
  7 orcs (D:4)
  6 ball pythons
  An endoplasm (D:2)
  5 giant cockroaches
  2 goblins
  7 hobgoblins
  9 jackals
  8 quokkas
  5 bats
  6 frilled lizards
  6 kobolds
  5 rats
85 creatures vanquished.

Notes
Turn   | Place    | Note
-------+----------+-------------------------------------------
     0 | D:1      | qw the Gargoyle Hexslinger began the quest for the Orb.
     0 | D:1      | Reached XP level 1. HP: 12/12 MP: 2/2
     0 | D:1      | 0 ||| qw: Version: 0.3-a-52-g30416fa
     0 | D:1      | 0 ||| qw: Game counter: 6564
     0 | D:1      | 0 ||| qw: Melee chars always use a shield: true
     0 | D:1      | 0 ||| qw: God list: Okawaru
     0 | D:1      | 0 ||| qw: Allow faded altars: false
     0 | D:1      | 0 ||| qw: Do Orc after clearing Dungeon:15 true
     0 | D:1      | 0 ||| qw: Do second Lair branch before Depths: true
     0 | D:1      | 0 ||| qw: Lair rune preference: random
     0 | D:1      | 0 ||| qw: Goals: Normal
     0 | D:1      | 0 ||| PLANNING D:1-11
    83 | D:1      | Reached XP level 2. HP: 16/16 MP: 3/3
    90 | D:1      | Reached skill level 3 in Ranged Weapons
   187 | D:1      | Reached XP level 3. HP: 21/21 MP: 4/4
   763 | D:1      | 763 ||| UPGRADING to +0 leather armour.
   773 | D:1      | 773 ||| DROPPING +0 robe.
   774 | D:1      | 774 ||| READING 2 scrolls labelled URY OLUEHEG.
   779 | D:1      | 779 ||| READING 2 scrolls labelled NAIHUACI QAECW.
   780 | D:1      | 780 ||| READING scroll labelled PYSKAEHAUNT.
   781 | D:1      | 781 ||| DROPPING scroll of poison.
   782 | D:1      | 782 ||| DROPPING scroll of immolation.
   834 | D:2      | 834 ||| Stepping ~*~*~tactically~*~*~ (outnumbered).
   837 | D:2      | Reached XP level 4. HP: 24/26 MP: 5/5
   838 | D:2      | Reached skill level 4 in Ranged Weapons
  1143 | D:2      | Reached XP level 5. HP: 30/30 MP: 6/6
  1267 | D:2      | Found Coteciod's Weapon Shoppe.
  1276 | D:2      | Identified the +3 war axe of Qazlal's Indignation {pain,
                  | *Rage rPois Dex+2 Stlth+}
  1462 | D:2      | 1462 ||| UPGRADING to +0 cloak.
  1467 | D:2      | 1467 ||| READING scroll labelled NEHOKK ZEWKATZA.
  1468 | D:2      | 1468 ||| READING scroll labelled JYALEALOKO.
  1469 | D:2      | 1469 ||| READING scroll labelled JUICO GATROIMEMN.
  1470 | D:2      | 1470 ||| DRINKING 2 lumpy green potions.
  1510 | D:2      | 1510 ||| DROPPING potion of lignification.
  1660 | D:3      | Reached skill level 5 in Ranged Weapons
  1931 | D:3      | Found a hazy altar of Hepliaklqana.
  2063 | D:3      | Found a faded altar of an unknown god.
  2269 | D:3      | 2269 ||| UPGRADING to +0 ring mail.
  2279 | D:3      | 2279 ||| DROPPING +0 leather armour.
  2280 | D:3      | 2280 ||| READING scroll labelled EFYKEZ EMISEM.
  2281 | D:3      | 2281 ||| READING scroll labelled KOPNUE KOWYRE.
  2367 | D:4      | 2367 ||| FLEEEEING.
  2368 | D:4      | 2368 ||| FLEEEEING.
  2369 | D:4      | 2369 ||| FLEEEEING.
  2370 | D:4      | 2370 ||| FLEEEEING.
  2371 | D:4      | 2371 ||| FLEEEEING.
  2375 | D:4      | 2375 ||| STAIRDANCE
  2401 | D:4      | 2401 ||| STAIRDANCE
  2407 | D:3      | Reached skill level 1 in Armour
  2485 | D:4      | 2485 ||| STAIRDANCE
  2501 | D:3      | Reached skill level 3 in Fighting
  2501 | D:3      | Reached XP level 6. HP: 29/37 MP: 7/7
  2638 | D:4      | Noticed Sigmund
  2656 | D:4      | HP: 6/37 [something (5)]
  2657 | D:4      | Slain by Sigmund

Levels and vault maps discovered:
D:1:      ncdulo_smallfort, layout_basic, roderic_nine_men_s_morris,
          corexii_hall_statues_i
D:2:      layout_loops_ring, serial_shops, shop, columned_hall_lemuel,
          grunt_ministairs_13
D:3:      layout_loops_ring, nicolae_hepliaklqana_hippocampus,
          shapermc_ecumenical_altar_flowoftime, minmay_misc_feat_columns,
          small_statue_intersection
D:4:      layout_basic, kennysheep_little_box, uniq_blork_the_orc, uniq_sigmund,
          uniq_duvessa

Skill      XL: |  1  2  3  4  5 |
---------------+----------------+-----
Ranged Weapons | 3 4 5 |  5.7
Fighting       | 2 3 |  3.3
Armour         | 1 |  1.4
Dodging        | |  1.5
Spellcasting   | |  1.0
Hexes          | |  2.6

Action                     |  1- 3 |  4- 6 || total
---------------------------+-------+-------++-------
   Fire: Sling             |    71 |   200 ||   271
    Use: Scroll            |     3 |     5 ||     8
         Potion            |       |     1 ||     1
 Armour: Robe              |    12 |       ||    12
         Leather armour    |     1 |    51 ||    52
         Ring mail         |       |    55 ||    55
  Dodge: Dodged            |    28 |   129 ||   157

Table legend:
 A = Non-vault XP
 B = Vault XP
 C = Vault XP percentage of total XP
 D = Non-vault monster count
 E = Vault monster count
 F = Vault count percentage of total count
                 A         B        C        D         E       F
            +---------+---------+-------+---------+---------+-------
      Total |     472 |      11 |   2.3 |      81 |       4 |   4.7
            +---------+---------+-------+---------+---------+-------
        D:1 |      53 |       0 |   0.0 |      25 |       0 |   0.0
        D:2 |     114 |      11 |   8.8 |      23 |       4 |  14.8
        D:3 |     148 |       0 |   0.0 |      20 |       0 |   0.0
        D:4 |     157 |       0 |   0.0 |      13 |       0 |   0.0
            +---------+---------+-------+---------+---------+-------
